Map: Oceanborn LE

Players

Fullheart

  • Race: Protoss Protoss
  • Spawn Location: 11:00

ByuN - Winner!

  • Race: Terran Terran
  • Spawn Location: 5:00

Event: ESL Spring 2024 Finals

VOD

Have the link to the VOD?

Description

Time

  • Played on: May 31, 2024, 5:21 p.m.
  • Length: 6:39

All games in this series

Show
View Real Time Build Order
Export as new Build Order

Fullheart Protoss 

Build Orders: Cannon Rush 

Get SALT Encoding   

  12  0:00  Probe  
  13  0:12  Probe  
  14  0:17  Pylon  
  14  0:24  Probe  
  15  0:35  Forge  
  15  0:40  Probe  
  16  0:50  Pylon  
  16  1:08  Photon Cannon  
  16  1:10  Gateway  
  16  1:18  Pylon  
  16  1:20  Probe  
  17  1:37  Photon Cannon  
  17  1:41  Probe  
  18  1:48  Photon Cannon  
  18  1:53  Probe  
  18  1:55  Assimilator  
  18  2:02  Zealot (Chrono Boost)  
  18  2:05  Probe  
  20  2:14  Cybernetics Core  
  20  2:17  Probe  
  21  2:25  Zealot (Chrono Boost)  
  23  2:37  Photon Cannon  
  23  2:53  Stalker (Chrono Boost)  
  25  2:59  Probe  
  25  3:00  Assimilator  
  26  3:05  Shield Battery  
  26  3:16  Stalker (Chrono Boost)  
  24  3:34  Probe  
  24  3:38  Pylon  
  24  3:40  Stalker  
  25  3:46  Probe  
  28  3:55  Stargate  
  28  3:58  Probe  
  29  4:10  Stalker, Probe  
  32  4:35  Shield Battery  
  32  4:43  Void Ray (Chrono Boost)  
  34  5:03  Photon Cannon  
  34  5:13  Fleet Beacon  
  34  5:21  Shield Battery  
  34  5:30  Photon Cannon  
  34  5:46  Shield Battery  
  29  5:53  Tempest (Chrono Boost)  
  29  5:56  Pylon  
Show
View Real Time Build Order
Export as new Build Order

ByuN Terran - Winner!

Build Orders: Cyclone Opening 

Get SALT Encoding   

  12  0:00  SCV  
  13  0:12  SCV  
  14  0:16  Supply Depot  
  14  0:24  SCV  
  15  0:38  SCV, Barracks  
  15  0:42  Refinery  
  16  0:50  SCV  
  16  0:54  Refinery  
  17  1:02  SCV  
  18  1:05  Supply Depot  
  18  1:14  SCV  
  19  1:26  Marine  
  19  1:27  Orbital Command  
  20  1:37  Supply Depot  
  20  1:43  Marine  
  21  1:53  SCV, Bunker  
  22  2:06  Bunker  
  22  2:09  SCV  
  22  2:10  Factory  
  22  2:14  Marine  
  23  2:23  Supply Depot  
  23  2:31  Supply Depot  
  23  2:35  Bunker  
  23  2:44  SCV, Marine  
  25  2:56  Cyclone  
  25  2:57  SCV  
  28  3:01  Supply Depot  
  28  3:09  SCV  
  29  3:17  Barracks Reactor  
  29  3:20  Starport  
  29  3:21  SCV  
  30  3:28  Cyclone  
  30  3:29  Barracks  
  30  3:33  SCV  
  33  3:36  Marine  
  34  3:45  SCV  
  35  3:54  Supply Depot  
  35  3:57  SCV, Marine  
  35  3:59  Medivac  
  39  4:06  Factory Tech Lab  
  39  4:16  Marine  
  40  4:21  Marine  
  41  4:25  Siege Tank  
  44  4:34  Marine  
  44  4:37  Supply Depot  
  45  4:39  Marine  
  46  4:52  Marine  
  47  4:57  Marine  
  47  4:58  Siege Tank  
  51  5:09  Medivac  
  51  5:10  Marine  
  54  5:15  Marine  
  55  5:28  Marine  
  56  5:32  Marine  
  60  5:38  Cyclone  
  60  5:41  Viking  
  61  5:50  Supply Depot  
  61  5:53  Marine x2  
  63  6:01  Command Center  
  63  6:17  Starport  
Tags
 
Add a new tag
Caveats
  • Supply blocks, unpowered buildings, or Contaminate may cause inaccurate times.
  • Supply counts are checked every 10 seconds.